 Seeded DCSS version 0.28.0-53-g5a82cb258f (webtiles) character file.

Game seed: 13591998346360536447 (custom seed)

322343 hikkokomori the Slayer (level 21, -19/211 HPs)
             Began as a Hill Orc Fighter on Mar 2, 2022.
             Was the Champion of Beogh.
             Killed from afar by an ancient lich (55 damage)
             ... with a crystal spear
             ... on level 5 of the Vaults on Oct 23, 2022.
             The game lasted 03:48:12 (42999 turns).

hikkokomori the Slayer (Hill Orc Fighter)          Turns: 42999, Time: 03:48:12

Health: -19/211    AC: 42    Str: 30    XL:     21   Next: 54%
Magic:  33/35      EV: 10    Int:  3    God:    Beogh [******]
Gold:   1779       SH: 24    Dex: 10    Spells: 20/20 levels left

rFire   + . .      SeeInvis .   P - +3 broad axe (flame)
rCold   . . .      Faith    .   T - +0 tower shield
rNeg    . . .      Spirit   .   j - +15 Maxwell's patent armour {-Cast -Tele rElec Will+ rCorr}
rPois   .          Reflect  +   p - +1 hat
rElec   +          Harm     +   V - +2 cloak {rCorr}
rCorr   +          Rampage  .   N - +0 pair of gloves of Modesty {Regen+ rCorr}
Will    +++..      NoTele   +   v - +0 pair of boots of the Other Side {Harm Int-5 Slay+6}
Stlth   .......... NoCast   +   y - amulet of reflection
HPRegen 1.25/turn               h - ring of protection from fire
MPRegen 0.24/turn               z - ring of willpower

@: studying Long Blades
A: walk on water
}: 2/15 runes: decaying, gossamer
a: Renounce Religion, Smiting, Recall Orcish Followers, Give Item to Named
Follower, Resurrection


You were on level 5 of the Vaults.
You worshipped Beogh.
Beogh was exalted by your worship.
You visited 7 branches of the dungeon, and saw 37 of its levels.
You visited 1 bazaar.
You also visited: Trove, Ice Cave, Volcano and Wizlab.

You collected 4715 gold pieces.
You spent 2936 gold pieces at shops.

Inventory:

Hand Weapons
 P - a +3 broad axe of flaming (weapon)
 Q - the +7 captain's cutlass {speed, disarm}
   (You found it in a treasure trove)

   Attacks with this weapon are significantly faster.
   It may disarm weapon-wielding foes when striking them, dealing extra damage
   in the process.
 S - a +3 eudemon blade of holy wrath
Armour
 j - the +15 Maxwell's patent armour (worn) {-Cast -Tele rElec Will+ rCorr}
   (You acquired it on level 2 of the Dungeon)

   rElec:     It insulates you from electricity.
   -Cast:     It prevents spellcasting.
   -Tele:     It prevents most forms of teleportation.
   rCorr:     It protects you from acid and corrosion.
   Will:      It increases your willpower.
 p - a +1 hat (worn)
 v - the +0 pair of boots of the Other Side (worn) {Harm Int-5 Slay+6}
   (You acquired it on level 4 of the Dungeon)

   Int:       It affects your intelligence (-5).
   Slay:      It affects your accuracy & damage with ranged weapons and melee
   (+6).
   Harm:      It increases damage dealt and taken.
 I - a +2 pair of gloves
 N - the +0 pair of gloves of Modesty (worn) {Regen+ rCorr}
   (You found it in a treasure trove)

   Regen:     It increases your rate of health regeneration.
   rCorr:     It protects you from acid and corrosion.
 T - a +0 tower shield (worn)
 V - a +2 cloak of preservation (worn)
Jewellery
 c - the ring of Oenomania {rN++ MP+9 Str+2 Dex-2}
   (You bought it in a shop in a bazaar)

   [ring of magical power]

   Str:       It affects your strength (+2).
   Dex:       It affects your dexterity (-2).
   rN:        It greatly protects you from negative energy.
   MP:        It affects your magic capacity (+9).
 g - a ring of protection from cold
 h - a ring of protection from fire (left hand)
 q - the amulet "Tomelor" {Spirit *Corrode Str+3 SInv}
   (You found it on level 4 of the Vaults)

   [amulet of guardian spirit]

   It causes incoming damage to be divided between your reserves of health and
   magic.
   Str:       It affects your strength (+3).
   SInv:      It lets you see invisible.
   *Corrode:  It may corrode you when you take damage.
 y - an amulet of reflection (around neck)
 z - a ring of willpower (right hand)
 G - an amulet of the acrobat
 O - an amulet of faith
Wands
 m - a wand of flame (71)
 w - a wand of charming (30)
 x - a wand of mindburst (31)
 C - a wand of acid (13)
 D - a wand of iceblast (15)
 L - a wand of paralysis (8)
 U - a wand of polymorph (19)
 Z - a wand of digging (7)
Scrolls
 a - 4 scrolls of holy word
 b - 2 scrolls of silence
 e - 16 scrolls of teleportation
 k - 7 scrolls of vulnerability
 n - a scroll of fear
 r - 3 scrolls of summoning
 u - 7 scrolls of amnesia
 A - 3 scrolls of enchant armour
 J - 6 scrolls of blinking
 R - 3 scrolls of magic mapping
 W - 6 scrolls of fog
Potions
 d - 2 potions of might
 f - 3 potions of haste
 i - 4 potions of invisibility
 l - 9 potions of heal wounds
 o - 6 potions of ambrosia
 s - 5 potions of lignification
 t - 10 potions of mutation
 B - 12 potions of curing
 H - 5 potions of brilliance
 K - a potion of cancellation
 M - 3 potions of flight
Miscellaneous
 E - a phantom mirror
 X - a box of beasts (inert)
 Y - a lightning rod (4/4)


   Skills:
 + Level 23.0 Fighting
 - Level 18.1 Axes
 + Level 19.1 Armour
 + Level 10.7 Dodging
 + Level 19.1 Shields
 - Level 21.2 Invocations
 + Level 18.3 Evocations


You had 20 spell levels left.
You didn't know any spells.
Your spell library contained the following spells:

 Spells                   Type           Power      Damage    Failure   Level
 Animate Skeleton         Necr           0%         N/A       99%         1
 Apportation              Tloc           0%         N/A       99%         1
 Foxfire                  Conj/Fire      0%         2x1d4     99%         1
 Pain                     Necr           0%         1d4       99%         1
 Sting                    Tmut/Pois      0%         1d3       99%         1
 Poisonous Vapours        Pois/Air       0%         N/A       100%        2
 Static Discharge         Conj/Air       0%         N/A       100%        2
 Sublimation of Blood     Necr           0%         N/A       100%        2
 Wereblood                Tmut           0%         N/A       100%        2
 Confusing Touch          Hex            0%         N/A       100%        3
 Conjure Flame            Conj/Fire      0%         6-21      100%        3
 Dazzling Flash           Conj/Hex       0%         N/A       100%        3
 Inner Flame              Hex/Fire       0%         N/A       100%        3
 Mephitic Cloud           Conj/Pois/Air  0%         N/A       100%        3
 Ozocubu's Armour         Ice            0%         N/A       100%        3
 Stone Arrow              Conj/Erth      0%         3d7       100%        3
 Tukima's Dance           Hex            0%         N/A       100%        3
 Vampiric Draining        Necr           0%         2d6       100%        3
 Animate Armour           Summ/Erth      0%         N/A       100%        4
 Dispel Undead            Necr           0%         3d6       100%        4
 Flame Wave               Conj/Fire      0%         2d4       100%        4
 Iskenderun's Mystic Bla  Conj/Tloc      0%         2d3       100%        4
 Olgreb's Toxic Radiance  Pois           0%         N/A       100%        4
 Passage of Golubria      Tloc           0%         N/A       100%        4
 Petrify                  Tmut/Erth      0%         N/A       100%        4
 Sticky Flame             Conj/Fire      0%         2d3       100%        4
 Agony                    Necr           0%         N/A       100%        5
 Alistair's Intoxication  Tmut/Pois      0%         N/A       100%        5
 Blade Hands              Tmut           0%         N/A       100%        5
 Borgnjor's Vile Clutch   Necr/Erth      0%         N/A       100%        5
 Excruciating Wounds      Necr           0%         N/A       100%        5
 Irradiate                Conj/Tmut      0%         3d13      100%        5
 Iskenderun's Battlesphe  Conj           0%         2d6       100%        5
 Silence                  Hex/Air        0%         N/A       100%        5
 Summon Forest            Summ/Tloc      0%         N/A       100%        5
 Summon Mana Viper        Hex/Summ       0%         N/A       100%        5
 Yara's Violent Unravell  Hex/Tmut       0%         3d3       100%        5
 Conjure Ball Lightning   Conj/Air       0%         3x3d6     100%        6
 Eringya's Noxious Bog    Tmut/Pois      0%         N/A       100%        6
 Starburst                Conj/Fire      0%         6d3       100%        6
 Summon Cactus Giant      Summ           0%         N/A       100%        6
 Dragon Form              Tmut           0%         N/A       100%        7
 Enfeeble                 Hex            0%         N/A       100%        7
 Haunt                    Necr/Summ      0%         N/A       100%        7
 Orb of Destruction       Conj           0%         9d5       100%        7
 Ozocubu's Refrigeration  Ice            0%         4d5       100%        7
 Summon Hydra             Summ           0%         N/A       100%        7
 Infestation              Necr           0%         N/A       100%        8
 Lehudib's Crystal Spear  Conj/Erth      0%         10d2      100%        8
 Chain Lightning          Conj/Air       0%         N/A       100%        9


Dungeon Overview and Level Annotations

Branches:
Dungeon (15/15)            Temple (0/1) D:6            Lair (6/6) D:8
  Swamp (4/4) Lair:4       Spider (4/4) Lair:4        Slime (0/5) Lair:6
    Orc (2/2) D:10         Vaults (5/5) D:13          Crypt (0/3) Vaults:3
 Depths (1/4) D:15          IceCv (visited)         Volcano (visited)
 WizLab (visited)
    Elf: Orc:2

Altars:
Elyvilon
Gozag
Hepliaklqana
Nemelex Xobeh
Okawaru
Qazlal
Sif Muna
Trog
Wu Jian
Xom
The Shining One
Beogh

Shops:
D:8 *   D:10 *   D:11 *   Orc:1 *   Orc:2 [:   Vaults:1 !(:(   Vaults:2 *
Vaults:3 [

Portals:
Hell: Depths:1
Pandemonium: Depths:1

Annotations:
D:3 2 transporters, cbfl8's ghost, amateur MiDe
Swamp:4 1 runed translucent door, Fiyxkotz's ghost, adept OgCj
Depths:1 2 runed translucent doors, Jase's ghost, adept GrEE


Message History

You hear some strange, mumbled words.
Things that are here:
2 large rocks; a stone giant corpse Unknown command.
You open the lid... ...and an elder stingfire beast leaps out!
The box is emptied!
The basilisk completely misses Arbolt.
Something touches Rocco but does no damage.
The tentacled monstrosity tentacle-slaps Rocco!
The tentacled monstrosity tentacle-slaps Rocco.
The tentacled monstrosity tentacle-slaps Rocco!
The tentacled monstrosity constricts Rocco!
Rocco dies!
Unknown command.
Unknown command.
Aiming: Iceblast
Press: ? - help, Shift-Dir - straight line, f - tentacled monstrosity
Aim: a tentacled monstrosity (ally target)
The mass of ice explodes!
The iceblast engulfs the tentacled monstrosity!
The tentacled monstrosity partially resists.
The tentacled monstrosity is lightly wounded.
The iceblast engulfs something!
You hear a shout!
The basilisk changes into a sky beast!
Gorbash is no longer covered in acid.
Gorbash hits something with a +0 flail!!
Unknown command.
You slash something! You burn something.
You hear some strange, mumbled words.
A crystal spear appears from out of thin air!
The crystal spear hits you!!!
* * * LOW HITPOINT WARNING * * *
Ogrik unwields a +2 arbalest.
Ogrik wields a +3 great sword of flaming.
It bursts into flame!
Ogrik barely misses something.
You hear some strange, mumbled words.
A crystal spear appears from out of thin air!
The crystal spear hits you!!!
You die...

#.# #.# #.# #.. #.#
#.### #.. .....
#.###o#.# #..$oo#[#
#.###o#)#.###.
#.)Ho@{X......
#....#.#^#o###.#.#.
#....#.#$#oo: ..
#....#.#.#o### ...
#....#(..ooY.. ...#
#....#.###.#.#
..(.##....#..[..#
#..[#..[.#.###.#.#.##
#...[[[.)...........


You could see a tentacled monstrosity (ally target), a sky beast shaped shifter,
the friendly Arbolt the orc warlord (strong), the friendly Ogrik the orc warlord
(strong), the friendly Ugbert the orc warlord (strong), a friendly elder
stingfire beast (summoned), 2 friendly orc knights, the friendly Beowulf the orc
knight (strong, corroded), the friendly Gorbash the orc knight (strong), the
friendly Morun the orc knight (strong), the friendly Murdo the orc knight
(strong), the friendly Ortolf the orc knight (strong) and a friendly orc priest
(strong).

Vanquished Creatures
  A dread lich (Vaults:5)
  Bai Suzhen (Swamp:4)
  3 caustic shrikes (Depths:1)
  Nikola (Swamp:4)
  A tentacled monstrosity (Vaults:4)
  A titan (Vaults:5)
  A sphinx (Vaults:4)
  2 tengu reavers
  A shadow dragon (Vaults:5)
  2 azure jellies (Swamp:4)
  A fire giant (Vaults:2)
  Louise (Swamp:2)
  An emperor scorpion (Spider:2)
  2 ghost moths
  8 vault wardens
  8 ironbound preservers
  A draconian stormcaller (WizLab)
  4 war gargoyles
  2 stone giants
  9 very ugly things
  A broodmother (Spider:4)
  5 ironbound thunderhulks
  A deep elf demonologist (Vaults:4)
  3 eleionomae
  9 purple draconians (WizLab)
  9 dire elephants
  4 entropy weavers
  2 spark wasps (Spider:4)
  4 bunyips (Swamp:2)
  2 ettins (Depths:1)
  9 statues (WizLab)
  2 fire dragons
  A crystal guardian (Vaults:4)
  9 yaktaur captains
  3 spectral fenstrider witches (Swamp:2)
  5 ice dragons
  A great orb of eyes (Vaults:1)
  Erolcha (D:13)
  7 boulder beetles
  2 peacekeepers (Vaults:4)
  A spriggan air mage (Depths:1)
  An ogre mage (Orc:2)
  A ghost crab (Swamp:2)
  A juggernaut simulacrum (Depths:1)
  A quicksilver dragon skeleton (Depths:1)
  30 vault guards
  12 hydras
  6 centaur warriors
  3 death knights
  8 ironbound frosthearts
  5 alligators
  A death scarab (Spider:3)
  8 two-headed ogres
  2 tengu warriors
  2 death yaks (Lair:6)
  A deep troll shaman (Depths:1)
  2 spriggan berserkers (Depths:1)
  3 deep troll earth magi (Depths:1)
  5 hell knights (Depths:1)
  A deep elf knight (D:14)
  A spectral spriggan (Swamp:2)
  2 pharaoh ants
  A skeletal warrior (D:13)
  An iron troll (Depths:1)
  A sun moth (Spider:4)
  35 deep trolls
  3 goliath frogs
  9 wizards
  6 swamp dragons
  An orange crystal statue (IceCv)
  6 orb spiders (Spider:4)
  A steelbarb worm (Spider:2)
  2 phantasmal warriors
  12 ironbound convokers
  2 fenstrider witch simulacra (Swamp:2)
  A harpy (Vaults:3)
  8 wolf spiders
  2 tengu skeletons (Vaults:3)
  3 necromancers
  5 will-o-the-wisps
  19 ugly things
  16 elephants
  4 black mambas
  4 cyclopes
  A moth of wrath (Spider:4)
  2 molten gargoyles (Volcano)
  2 fire giant skeletons (Vaults:3)
  10 cane toads
  9 vault sentinels
  2 torpor snails (Spider:1)
  3 gargoyles
  6 storm dragon simulacra (IceCv)
  Maggie (Lair:2)
  A human zombie (Vaults:3)
  18 yaktaurs
  9 demonic crawlers
  3 efreet (Volcano)
  8 freezing wraiths
  3 rime drakes
  4 komodo dragons
  An elf skeleton (Vaults:3)
  2 unseen horrors (D:13)
  17 tengu conjurers (WizLab)
  A spriggan skeleton (Depths:1)
  3 golden dragon simulacra (IceCv)
  A spectral death drake (Swamp:2)
  4 tyrant leeches
  5 trolls
  8 hornets
  8 meliai
  A queen bee (shapeshifter) (Vaults:2)
  20 slime creatures
  A raiju (shapeshifter) (D:13)
  5 blink frogs
  A blink frog (shapeshifter) (D:9)
  A wind drake (shapeshifter) (D:11)
  10 tarantellas
  2 spriggan zombies (Depths:1)
  2 human simulacra (Vaults:3)
  A centaur simulacrum (D:14)
  Sigmund (D:5)
  2 ettin skeletons (Vaults:3)
  11 jumping spiders
  12 culicivoras
  A shadow (D:12)
  A spriggan (Swamp:1)
  5 wyverns
  6 wraiths
  40 yaks
  2 fire elementals (Volcano)
  2 steam dragons
  2 basilisks (D:8)
  28 redbacks
  21 vampire mosquitoes
  2 swamp worm simulacra (Swamp:4)
  2 spriggan simulacra (Swamp:2)
  Menkaure (D:5)
  15 swamp worms
  Edmund (D:5)
  2 wargs
  13 water moccasins
  2 death drake simulacra (Swamp:2)
  14 hydra simulacra (Swamp:4)
  An ogre skeleton (Vaults:3)
  A swamp drake (Lair:6)
  4 human skeletons (Vaults:3)
  An ice dragon simulacrum (IceCv)
  6 orc warriors
  3 ice beasts
  2 black bears (D:6)
  12 ogres
  3 sky beasts
  16 centaurs
  A kobold brigand (D:10)
  10 bullfrogs
  3 earth elementals (Volcano)
  A wyvern zombie (D:7)
  3 gnoll sergeants
  5 scorpions
  A water moccasin zombie (D:5)
  3 lindwurm simulacra (IceCv)
  12 killer bees
  8 wights
  3 vampire bats (D:13)
  3 howler monkeys
  5 electric eels
  A bullfrog zombie (D:5)
  A centaur zombie (D:6)
  2 hounds
  4 bullfrog skeletons
  3 jellies
  2 gnoll shamans
  An orc priest (D:10)
  13 iguanas
  Ijyb (D:5)
  Natasha (thrice) (D:2)
  5 hell rats
  5 orc wizards
  A killer bee zombie (D:7)
  3 hound skeletons
  2 howler monkey zombies
  18 gnolls
  8 adders
  3 river rats (D:13)
  A howler monkey skeleton (D:6)
  A white imp (D:5)
  2 ufetubi
  6 swamp drake simulacra (Swamp:4)
  2 adder skeletons (D:4)
  3 worms
  6 dart slugs
  8 orcs
  6 bats
  8 endoplasms
  7 giant cockroaches
  10 hobgoblins
  5 jackals
  14 kobolds
  3 quokkas
  7 ball pythons
  A frilled lizard (D:2)
  4 goblins
  12 rats
  A spectral hobgoblin (D:4)
  4 bushes (Lair:6)
  A fire vortex (Volcano)
  A plant (Lair:6)
1028 creatures vanquished.

Vanquished Creatures (collateral kills)
  2 caustic shrikes (Depths:1)
  A titan (Vaults:5)
  2 sphinxes
  Kirke (D:13)
  A thorn hunter (Swamp:3)
  Donald (Vaults:3)
  2 tengu reavers
  A fenstrider witch (Swamp:4)
  A daeva (Depths:1)
  6 vault wardens
  A frost giant (Depths:1)
  2 emperor scorpions
  The ghost of Loito the Thaumaturge, a journeyman GnSk of Makhleb (Swamp:2)
  2 orc warlords (Vaults:1)
  A juggernaut zombie (Depths:1)
  4 ironbound preservers
  A ghost moth (Spider:4)
  Aizul (Swamp:3)
  A broodmother (Spider:2)
  2 stone giants (Vaults:5)
  2 war gargoyles
  5 ironbound thunderhulks
  An eleionoma (Swamp:1)
  A vampire knight (Depths:1)
  13 dire elephants
  2 entropy weavers
  A spark wasp (Spider:4)
  A crystal guardian (Vaults:4)
  2 deep elf high priests (Vaults:5)
  3 yaktaur captains
  3 boulder beetles
  A spriggan air mage (Depths:1)
  4 vault guards
  3 rakshasas
  A death knight (D:15)
  2 peacekeepers
  3 ironbound frosthearts
  7 centaur warriors
  2 deep troll shamans (Depths:1)
  3 hydras
  A radroach (Spider:1)
  3 tengu warriors
  3 death yaks (Lair:6)
  A titan zombie (Depths:1)
  2 hell knights (Depths:1)
  Urug (D:13)
  2 spriggans (Swamp:2)
  A fire crab (Lair:6)
  A sun moth (Spider:4)
  A pharaoh ant (Spider:2)
  A spark wasp zombie (Depths:1)
  2 iron trolls (Depths:1)
  A goliath frog (Swamp:4)
  A swamp dragon (Swamp:2)
  11 deep trolls
  2 orb spiders (Spider:4)
  4 skeletal warriors (Vaults:3)
  A steelbarb worm (Spider:1)
  A spriggan druid (Swamp:2)
  A glowing orange brain (Vaults:1)
  2 bog bodies
  An obsidian statue (Vaults:1)
  A necromancer (Depths:1)
  4 orc knights
  2 harpies (Vaults:3)
  A frost giant zombie (Depths:1)
  3 phantasmal warriors
  A will-o-the-wisp (Swamp:4)
  A sphinx skeleton (Vaults:3)
  3 tengu skeletons (Depths:1)
  7 ironbound convokers
  3 wolf spiders (Spider:4)
  19 ugly things
  2 moths of wrath
  A manticore (D:14)
  A fire giant skeleton (Depths:1)
  A frost giant skeleton (Depths:1)
  A stone giant skeleton (Depths:1)
  A centaur zombie (D:11)
  4 black mambas
  7 vault sentinels
  9 elephants
  A storm dragon simulacrum (IceCv)
  A gargoyle (D:11)
  3 cane toads
  A torpor snail (Spider:2)
  An efreet (D:13)
  2 rime drakes (Lair:6)
  3 komodo dragons
  A demonic crawler (Spider:1)
  A freezing wraith (Swamp:4)
  A tengu conjurer (WizLab)
  11 yaktaurs
  A polar bear (Lair:4)
  2 trolls
  A meliai (Spider:2)
  2 tyrant leeches
  8 tarantellas
  A hornet (Swamp:2)
  6 blink frogs
  8 slime creatures
  14 jumping spiders
  A centaur simulacrum (D:14)
  5 culicivoras
  A shadow (D:11)
  10 yaks
  A wraith (D:11)
  A basilisk (Lair:6)
  3 hogs (D:13)
  A steam dragon (Lair:6)
  2 vampire mosquitoes
  3 elf skeletons (Vaults:3)
  17 redbacks
  4 swamp worms
  5 water moccasins
  6 orc warriors
  2 centaurs
  A scorpion (D:13)
  A hornet simulacrum (D:14)
  A vampire bat (D:13)
  A lindwurm simulacrum (IceCv)
  An orc wizard (Orc:2)
  3 iguanas (Lair:6)
  4 hell rats
  A river rat (D:13)
  10 orcs
  A ball python (D:13)
  3 bats (D:13)
  A giant cockroach (D:13)
  A rat (D:13)
  2 bushes
  2 fungi (Lair:6)
  A plant (Lair:6)
375 creatures vanquished.

Vanquished Creatures (others)
  2 orc warlords
  A draconian knight (WizLab)
  A centaur warrior (D:13)
  An ironbound convoker (Vaults:3)
  14 orc knights
  A wizard (Depths:1)
  An orc sorcerer (Orc:2)
  A molten gargoyle (Volcano)
  A tengu conjurer (WizLab)
  A tyrant leech (Swamp:4)
  2 bloated husks
  A culicivora (Vaults:3)
  A human (D:13)
  14 orc warriors
  7 orc priests
  3 orc wizards
  28 orcs
  2 rats (D:13)
  2 fire vortices (Volcano)
  18 foxfires
  46 fungi
  56 plants
204 creatures vanquished.

Grand Total: 1607 creatures vanquished

Notes
Turn   | Place    | Note
-------+----------+-------------------------------------------
     0 | D:1      | hikkokomori the Hill Orc Fighter began the quest for the
                  | Orb.
     0 | D:1      | Reached XP level 1. HP: 19/19 MP: 1/1
   170 | D:1      | Reached XP level 2. HP: 27/27 MP: 2/2
   420 | D:1      | Reached skill level 4 in Fighting
   488 | D:1      | Reached XP level 3. HP: 33/33 MP: 3/3
  1099 | D:2      | Found a faded altar of an unknown god.
  1173 | D:2      | Noticed Natasha
  1435 | D:2      | Killed Natasha
  1436 | D:2      | Reached XP level 4. HP: 33/41 MP: 4/4
  1654 | D:2      | Noticed Natasha
  1661 | D:2      | Killed Natasha
  2109 | D:2      | Noticed Natasha
  2117 | D:2      | Killed Natasha
  2118 | D:2      | Reached XP level 5. HP: 33/47 MP: 5/5
  2248 | D:2      | Identified 3 scrolls of acquirement
  2248 | D:2      | Acquired the -1 pair of boots of Esiup {-Cast rN+++ rCorr
                  | Slay+2}
  2249 | D:2      | Acquired the +15 Maxwell's patent armour {-Cast -Tele rElec
                  | Will+ rCorr}
  2249 | D:2      | Found the +15 Maxwell's patent armour {-Cast -Tele rElec
                  | Will+ rCorr}
  2250 | D:2      | Acquired a manual of Axes
  2301 | D:3      | Found a glowing golden altar of the Shining One.
  2525 | D:3      | Found a transporter.
  2528 | D:3      | Noticed cbfl8's ghost (amateur MiDe)
  2753 | D:3      | Found a transporter.
  3065 | D:4      | Reached skill level 5 in Axes
  3065 | D:4      | Reached XP level 6. HP: 55/55 MP: 6/6
  3116 | D:4      | Reached skill level 5 in Fighting
  3279 | D:4      | Found a hazy altar of Hepliaklqana.
  3474 | D:5      | Entered Level 5 of the Dungeon
  3475 | D:5      | Became a worshipper of Beogh the Brigand
  3477 | D:5      | Noticed Edmund
  3477 | D:5      | Noticed Ijyb
  3522 | D:5      | Killed Edmund
  3523 | D:5      | Reached skill level 5 in Armour
  3523 | D:5      | Reached skill level 5 in Shields
  3523 | D:5      | Reached XP level 7. HP: 37/61 MP: 7/7
  3530 | D:4      | Acquired the +0 pair of boots of the Other Side {Harm Int-5
                  | Slay+6}
  3695 | D:5      | Killed Ijyb
  3809 | D:5      | Reached skill level 6 in Fighting
  3835 | D:5      | Found a shimmering blue altar of Sif Muna.
  3908 | D:5      | Reached XP level 8. HP: 52/71 MP: 8/8
  4005 | D:5      | Noticed Sigmund
  4013 | D:5      | Killed Sigmund
  4014 | D:5      | Reached skill level 7 in Fighting
  4172 | D:5      | Found an opulent altar of Gozag.
  4181 | D:5      | Found a stormy altar of Qazlal.
  4327 | D:5      | Found an iron altar of Okawaru.
  4360 | D:5      | Noticed Menkaure
  4365 | D:5      | Killed Menkaure
  4366 | D:5      | Reached skill level 10 in Axes
  4655 | D:6      | Reached XP level 9. HP: 77/79 MP: 9/9
  4655 | D:6      | Reached * piety under Beogh
  5257 | D:6      | Reached skill level 8 in Fighting
  5332 | D:6      | Found a staircase to the Ecumenical Temple.
  6607 | D:7      | Found an ornate altar of the Wu Jian Council.
  6861 | D:8      | Found Kiqy Okk's Assorted Antiques.
  6879 | D:8      | Reached skill level 9 in Fighting
  6882 | D:8      | Reached ** piety under Beogh
  6883 | D:8      | Reached XP level 10. HP: 62/91 MP: 10/10
  6990 | D:8      | Found a staircase to the Lair.
  7464 | D:8      | Found a bloodstained altar of Trog.
  7551 | D:9      | Found the +8 storm bow {elec, penet}
  7569 | D:9      | Reached skill level 10 in Fighting
  7569 | D:9      | Reached skill level 1 in Invocations
  7577 | D:9      | Reached skill level 1 in Evocations
  7622 | D:9      | Reached XP level 11. HP: 63/101 MP: 14/14
  7647 | D:9      | Reached skill level 5 in Invocations
  7666 | D:9      | Reached *** piety under Beogh
  8255 | D:9      | Acquired a manual of Evocations
  8257 | D:9      | Acquired a manual of Shields
  8258 | D:9      | Acquired a manual of Fighting
  8289 | D:10     | Entered Level 10 of the Dungeon
  8422 | D:10     | Reached skill level 15 in Axes
  8621 | D:10     | Noticed a seven-headed hydra
  8621 | D:10     | Noticed a two-headed ogre
  8625 | D:10     | Killed an eight-headed hydra
  8626 | D:10     | Reached skill level 11 in Fighting
  8628 | D:10     | Killed a two-headed ogre
  8629 | D:10     | Reached skill level 10 in Armour
  8766 | D:10     | Found a staircase to the Orcish Mines.
  9285 | D:10     | Reached skill level 10 in Shields
  9749 | D:11     | Noticed an eight-headed hydra
  9755 | D:11     | Killed a ten-headed hydra
  9756 | D:11     | Reached skill level 5 in Evocations
  9757 | D:11     | Noticed a two-headed ogre
  9769 | D:11     | Killed a two-headed ogre
  9859 | D:11     | Reached **** piety under Beogh
 10092 | D:11     | Noticed a two-headed ogre
 10098 | D:11     | Killed a two-headed ogre
 10099 | D:11     | Reached skill level 12 in Fighting
 10162 | D:11     | Reached XP level 12. HP: 112/112 MP: 18/18
 10624 | D:11     | Found Reiheab's General Store.
 10627 | D:11     | Bought a scroll of acquirement for 624 gold pieces
 10627 | D:11     | Acquired a +1 broad axe of flaming
 10849 | D:12     | Noticed a two-headed ogre
 10853 | D:12     | Noticed a boulder beetle
 10854 | D:12     | Killed a two-headed ogre
 10861 | D:12     | Killed a boulder beetle
 10924 | D:12     | Noticed a two-headed ogre
 10928 | D:12     | Killed a two-headed ogre
 10929 | D:12     | Reached skill level 10 in Invocations
 11321 | D:12     | Noticed a four-headed hydra
 11465 | D:12     | Reached skill level 13 in Fighting
 11757 | Lair:1   | Entered Level 1 of the Lair of Beasts
 11905 | Lair:1   | Found a dark tunnel.
 11971 | Volcano  | Entered a volcano
 12755 | Lair:1   | Got the Almanac of Evil Secrets
 13277 | Lair:2   | You fall into a shaft and drop 1 floor!
 13295 | Lair:3   | Gained Rocco as an ally
 13301 | Lair:3   | Reached XP level 13. HP: 123/123 MP: 19/21
 13483 | Lair:3   | Reached skill level 14 in Fighting
 14288 | Lair:2   | Identified the +2 hand axe of Guotsole {venom, *Corrode rN+
                  | Int+2 Stlth+}
 14435 | Lair:2   | Noticed Maggie
 14443 | Lair:2   | Killed Maggie
 15266 | Lair:4   | Reached ***** piety under Beogh
 15631 | Lair:4   | Reached skill level 15 in Fighting
 15683 | Lair:4   | Reached skill level 10 in Evocations
 15875 | Lair:4   | Found a hole to the Spider Nest.
 16141 | Lair:4   | Found a staircase to the Swamp.
 16975 | Lair:6   | Entered Level 6 of the Lair of Beasts
 16983 | Lair:6   | Gained Ogrik as an ally
 16984 | Lair:6   | Reached XP level 14. HP: 120/135 MP: 24/24
 17423 | Lair:6   | Found a staircase to the Slime Pits.
 17437 | Lair:6   | Reached skill level 16 in Fighting
 17531 | Lair:6   | Reached skill level 15 in Invocations
 17803 | Lair:6   | Reached ****** piety under Beogh
 18667 | Orc:1    | Entered Level 1 of the Orcish Mines
 18667 | Orc:1    | Found Bucsurua's General Store.
 18679 | Orc:1    | Reached skill level 15 in Shields
 18874 | Orc:2    | Entered Level 2 of the Orcish Mines
 18878 | Orc:2    | Gained Arbolt as an ally
 19091 | D:13     | Noticed Urug
 19130 | D:13     | Killed Urug
 19309 | D:13     | Reached skill level 17 in Fighting
 19436 | D:13     | Found a gate to the Vaults.
 19436 | D:13     | Noticed an ironbound preserver
 19446 | D:13     | Killed an ironbound preserver
 19452 | D:13     | Noticed Kirke
 19458 | D:13     | Killed Kirke
 19689 | D:13     | Noticed Erolcha
 19697 | D:13     | Killed Erolcha
 19716 | D:13     | Reached XP level 15. HP: 140/147 MP: 27/27
 20488 | D:14     | Gained Beowulf as an ally
 21306 | D:14     | Reached skill level 18 in Fighting
 22174 | D:15     | Entered Level 15 of the Dungeon
 22412 | D:15     | Found a white marble altar of Elyvilon.
 22713 | D:15     | Found a staircase to the Depths.
 22810 | D:15     | Reached skill level 1 in Dodging
 23795 | Swamp:1  | Entered Level 1 of the Swamp
 24670 | Swamp:1  | Reached XP level 16. HP: 159/159 MP: 28/28
 24681 | Swamp:1  | Reached skill level 19 in Fighting
 25163 | Swamp:2  | Noticed Louise
 25189 | Swamp:2  | Killed Louise
 25210 | Swamp:2  | Your ally Beowulf died
 25566 | Swamp:3  | Noticed Aizul
 25577 | Swamp:3  | Killed Aizul
 26095 | Swamp:3  | Found the +4 skin of Zhor {*Englaciate rC+++ SInv}
 26098 | Swamp:3  | Found a sparkling altar of Nemelex Xobeh.
 26233 | Swamp:3  | Noticed a thorn hunter
 26241 | Swamp:3  | Killed a thorn hunter
 26924 | Swamp:4  | Entered Level 4 of the Swamp
 26929 | Swamp:4  | Noticed Nikola
 26945 | Swamp:4  | Killed Nikola
 27070 | Swamp:4  | Noticed Bai Suzhen
 27080 | Swamp:4  | Killed Bai Suzhen
 27123 | Swamp:4  | Found a runed translucent door.
 27124 | Swamp:4  | Noticed Fiyxkotz's ghost (adept OgCj)
 27168 | Swamp:4  | Noticed a fenstrider witch
 27177 | Swamp:4  | Killed a fenstrider witch
 27194 | Swamp:4  | Noticed an azure jelly
 27200 | Swamp:4  | Killed an azure jelly
 27289 | Swamp:4  | Reached skill level 15 in Armour
 27334 | Swamp:4  | Noticed an azure jelly
 27340 | Swamp:4  | Killed an azure jelly
 27381 | Swamp:4  | Identified the -3 pair of boots of Ceosacytz {Slay+3}
 27440 | Swamp:4  | Got a decaying rune of Zot
 27885 | Swamp:4  | Identified the +3 mace "Gatuenaig" {venom, rPois rC- Str+2}
 28021 | Spider:1 | Entered Level 1 of the Spider Nest
 28080 | Spider:1 | Gained Gorbash as an ally
 28085 | Spider:1 | Gained Bogdar as an ally
 28560 | Spider:2 | Found the +3 robe of Clouds {*Thunder rCloud rElec}
 28626 | Spider:2 | Reached XP level 17. HP: 154/169 MP: 30/30
 28637 | Spider:2 | Reached skill level 15 in Evocations
 28647 | Spider:2 | Gained Bogwald as an ally
 28662 | Spider:2 | Your ally Bogdar died
 29001 | Spider:2 | Reached skill level 5 in Dodging
 29047 | Spider:2 | Identified the +7 chain mail of Qiysimoa {rN+}
 29660 | Spider:3 | Found a frozen archway.
 29676 | IceCv    | Entered an ice cave
 30548 | Spider:3 | Reached skill level 20 in Fighting
 30759 | Spider:4 | Entered Level 4 of the Spider Nest
 32014 | Spider:4 | Got a gossamer rune of Zot
 33092 | Swamp:2  | Found a runed translucent gate.
 33092 | Swamp:2  | Found a runed translucent gate.
 33092 | Swamp:2  | Found a runed translucent gate.
 33093 | Swamp:2  | Noticed Loito's ghost (journeyman GnSk)
 33155 | Swamp:2  | Gained Bogwik as an ally
 33360 | Swamp:2  | Killed Loito's ghost
 33370 | Swamp:2  | Identified the +8 hand axe of Tedalom {vorpal, *Noise Str+4
                  | Dex+8}
 33825 | Depths:1 | Entered Level 1 of the Depths
 33868 | Depths:1 | Reached XP level 18. HP: 129/180 MP: 31/31
 33872 | Depths:1 | Your ally Bogwik died
 34242 | Depths:1 | Found a gateway to Hell.
 34265 | Depths:1 | Noticed a caustic shrike
 34265 | Depths:1 | Noticed a caustic shrike
 34270 | Depths:1 | Noticed a caustic shrike
 34270 | Depths:1 | Noticed a caustic shrike
 34273 | Depths:1 | Killed a caustic shrike
 34273 | Depths:1 | Noticed a caustic shrike
 34282 | Depths:1 | Killed a caustic shrike
 34285 | Depths:1 | Killed a caustic shrike
 34287 | Depths:1 | Killed a caustic shrike
 34290 | Depths:1 | Killed a caustic shrike
 34316 | Depths:1 | HP: 8/180 [frost giant/bolt of cold (38)]
 34672 | Depths:1 | Found a runed translucent door.
 34672 | Depths:1 | Found a shimmering altar of Xom.
 34673 | Depths:1 | Noticed Jase's ghost (adept GrEE)
 34687 | Depths:1 | Found a one-way gate leading to the halls of Pandemonium.
 34925 | Depths:1 | Found a portal to a secret trove of treasure.
 34945 | Depths:1 | You paid a toll of +2 fire dragon scales to enter a
                  | treasure trove
 34946 | Trove    | Entered a treasure trove
 34951 | Trove    | Found the +7 captain's cutlass {speed, disarm}
 34963 | Trove    | Identified the +0 pair of gloves of Modesty {Regen+ rCorr}
 34971 | Trove    | Identified the +3 chain mail of Fedhas's Benevolence {-Cast
                  | Fly Str+5}
 34975 | Trove    | Identified the +8 spear "Oboi" {speed, Str+4}
 35024 | Depths:1 | Found a glowing golden altar of the Shining One.
 35025 | Depths:1 | Found a runed translucent door.
 35037 | Depths:1 | Reached skill level 21 in Fighting
 35826 | Orc:2    | Found Taqieheg's Antique Armour Boutique.
 35844 | Orc:2    | Found a roughly hewn altar of Beogh.
 35931 | Orc:2    | Bought a bloodstained ring mail for 180 gold pieces
 35931 | Orc:2    | Identified the +1 ring mail of the Trombone {rElec} (You
                  | bought it in a shop on level 2 of the Orcish Mines)
 35941 | Orc:2    | Found Alasek's Book Shop.
 36107 | Orc:2    | Gained Garbold as an ally
 36361 | Vaults:1 | Entered Level 1 of the Vaults
 36374 | Vaults:1 | Found Zaukki's Distillery.
 36375 | Vaults:1 | Found Qunylyc's Antique Weapon Boutique.
 36381 | Vaults:1 | Bought a potion of curing for 36 gold pieces
 36381 | Vaults:1 | Bought a potion of curing for 36 gold pieces
 36381 | Vaults:1 | Bought a potion of curing for 36 gold pieces
 36381 | Vaults:1 | Bought a potion of curing for 36 gold pieces
 36381 | Vaults:1 | Bought 2 potions of heal wounds for 120 gold pieces
 36381 | Vaults:1 | Bought a potion of invisibility for 96 gold pieces
 36383 | Vaults:1 | Found Aridyan's Weapon Shop.
 36456 | Vaults:1 | Found Fapt's Book Emporium.
 36516 | Vaults:1 | Your ally Garbold died
 36584 | Vaults:1 | Found a magical portal.
 36598 | WizLab   | Entered Iskenderun's Mystic Tower
 36656 | WizLab   | Gained Gorbash as an ally
 36700 | WizLab   | Your ally Gorbash died
 36728 | WizLab   | Reached XP level 19. HP: 105/189 MP: 33/33
 37147 | WizLab   | Got Iskenderun's Disquisition on Combat Magic
 37147 | WizLab   | Got Iskenderun's Catalogue of Attacks
 37378 | Vaults:1 | Gained Oreg as an ally
 37621 | Vaults:1 | Gained Ugbert as an ally
 38276 | Vaults:1 | Found a gateway to a bazaar.
 38283 | Bazaar   | Entered a bazaar
 38283 | Bazaar   | Found Idism's Weapon Shoppe.
 38283 | Bazaar   | Found Tynemefeik's Antique Armour Shop.
 38283 | Bazaar   | Found Qikli Keuf's Antique Weapon Boutique.
 38284 | Bazaar   | Found Hieng's General Store.
 38301 | Bazaar   | Bought a jewelled scythe for 248 gold pieces
 38301 | Bazaar   | Identified the +1 scythe "Wikluof" {vamp, rN+ rCorr Str-4}
                  | (You bought it in a shop in a bazaar)
 38309 | Bazaar   | Bought the ring of Oenomania {rN++ MP+9 Str+2 Dex-2} for
                  | 600 gold pieces
 38802 | Vaults:2 | Upgraded the game from 0.28.0-43-g3370ac3207 to
                  | 0.28.0-45-g0d030f2227
 38803 | Vaults:2 | Upgraded the game from 0.28.0-45-g0d030f2227 to
                  | 0.28.0-53-g5a82cb258f
 39452 | Vaults:2 | Found Ethre's General Store.
 39502 | Vaults:2 | Identified the +1 hand axe of Qazlal {chaos, rC+ rN+}
 39787 | Vaults:3 | Noticed Donald
 39793 | Vaults:3 | Killed Donald
 39948 | Vaults:3 | Gained Ortolf as an ally
 39961 | Vaults:3 | Your ally Gorbash died
 39967 | Vaults:3 | Your ally Bogwald died
 39969 | Vaults:3 | Your ally Oreg died
 39975 | Vaults:3 | Reached XP level 20. HP: 59/200 MP: 34/34
 40110 | Vaults:3 | Reached skill level 22 in Fighting
 40222 | Vaults:3 | Found Uhitilut's Antique Armour Boutique.
 40244 | Vaults:3 | Bought an encrusted plate armour for 924 gold pieces
 40244 | Vaults:3 | Identified the +0 plate armour "Soimegio" {Fly Str+4 SInv}
                  | (You bought it in a shop on level 3 of the Vaults)
 40688 | Vaults:3 | Found a staircase to the Crypt.
 41615 | Vaults:4 | Identified the amulet "Tomelor" {Spirit *Corrode Str+3
                  | SInv}
 41681 | Vaults:4 | Gained Morun as an ally
 41754 | Vaults:4 | Reached skill level 10 in Dodging
 42179 | Vaults:4 | Reached XP level 21. HP: 209/209 MP: 35/35
 42626 | Vaults:5 | Entered Level 5 of the Vaults
 42641 | Vaults:5 | Noticed a dread lich
 42644 | Vaults:5 | Gained Murdo as an ally
 42645 | Vaults:5 | Killed a dread lich
 42645 | Vaults:5 | Gained Hawl as an ally
 42724 | Vaults:4 | Reached skill level 23 in Fighting
 42747 | Vaults:5 | Your ally Hawl died
 42984 | Vaults:5 | Noticed an ancient lich
 42995 | Vaults:5 | Your ally Bogwald died
 42997 | Vaults:5 | Your ally Rocco died
 42999 | Vaults:5 | Killed from afar by an ancient lich

Illustrated notes

Levels and vault maps discovered:
D:1:      wander_arrival_fairy_ring, layout_basic, chequers_serial_rivers_room_a
D:2:      layout_loops_ring, shapermc_ecumenical_altar_venn, uniq_natasha
D:3:      layout_loops_ring, mainiacjoe_overflow_chevrons,
          gammafunk_ghost_arena, hangedman_glass_teeth
D:4:      layout_basic, nicolae_hepliaklqana_monster_ancestors,
          due_unseen_surprise
D:5:      layout_basic, lemuel_doored_altar, overflow_temple_1_default,
          amethyst_overflow_temple_binary, minmay_manual_mess, uniq_ijyb,
          uniq_edmund, uniq_sigmund, uniq_menkaure
D:6:      layout_layer_cave, minmay_temple_entry_hall
D:7:      layout_basic, nicolae_wu_jian_immortal_techniques
D:8:      layout_rooms, lightli_temple_of_fire, minmay_lair_entry_grove,
          serial_shops, shop
D:9:      layout_cave_pools, grunt_decor_clamped
D:10:     minmay_diamond_stairs, layout_basic
D:11:     layout_gridville, serial_shops, kennysheep_mini_moat
D:12:     layout_loops_corners, lightli_corner_chamber
D:13:     layout_rooms, skrybe_vaults_entry_preservation, fountainhead,
          hangedman_parallel_progression, uniq_kirke, uniq_urug, uniq_erolcha
D:14:     layout_basic, nicolae_wwwww, minmay_pinched_square
D:15:     grunt_enter_depths_snipers, layout_long_grid, elyvilon_altar_5
Lair:1:   layout_loops_ring, nicolae_volcano_entry_hallway, st_stairs_7
Lair:2:   layout_loops_ring, infiniplex_staircase_pool, uniq_maggie
Lair:3:   layout_hall_layers
Lair:4:   layout_loops_ring, minmay_swamp_entry_worms, spider_nest_entry_webs,
          lemuel_old_faithful, grunt_megastairs_3
Lair:5:   layout_regular_city
Lair:6:   guppyfry_lair_end_dragon, layout_gridlike, wormcave,
          minmay_slime_entry_pillars
Swamp:1:  layout_falls_marsh, evilmike_swamp_ruin_house_2,
          nicolae_swamp_treefoil, swamp_pool1, nicolae_swamp_well_well_well
Swamp:2:  nicolae_swamp_tree_isthmus, layout_falls_marsh,
          gammafunk_ghost_necromancy, nicolae_swamp_triple_paths, swamp_pool1,
          uniq_louise
Swamp:3:  layout_basic_swamp, evilmike_swamp_ruin_rubble_2, swamp_pool3,
          lemuel_altar_in_water, cheibrodos_swamp_pet_leeches, uniq_aizul
Swamp:4:  swamp_icy, layout_basic_swamp, gammafunk_ghost_grave, uniq_bai_suzhen,
          uniq_nikola
Spider:1: layout_spider_delve, drop_trap
Spider:2: layout_spider_delve
Spider:3: layout_spider_delve, portal_ice_cave_entry_pillars_four,
          spiders_nest_ghost_moth_duel
Spider:4: spider_rune_water, nicolae_spider_orb_run
Orc:1:    layout_caves, serial_shops, shop
Orc:2:    pubby_orc_utopia, serial_shops
Vaults:1: infiniplex_enter_wizlab_water, v_misc_2, ontoclasm_vaults_hangar,
          nicolae_vaults_network_square, grunt_vaults_twisty,
          grunt_vaults_trifunnel, hangedman_vaults_maws, vaults_dpeg_diagonal,
          nicolae_vaults_network_quinsquares
          [nicolae_vaults_network_quincunx_subvault,
          nicolae_vaults_network_quincunx_subvault,
          nicolae_vaults_network_quincunx_subvault,
          nicolae_vaults_network_quincunx_subvault], v_misc_17,
          vaults_dpeg_encased_lava, nicolae_vaults_circle_grid_a,
          vaults_dpeg_ring, layout_vaults_omnicross, serial_shops, statue_bzr,
          nicolae_shop_trees, shop, nicolae_square_shop,
          nicolae_shop_statue_plus
Vaults:2: dpeg_vaults_waves, nicolae_vaults_circle_grid_a,
          ontoclasm_vaults_loading_screen, nicolae_vaults_little_squares_5,
          ontoclasm_vaults_eye, v_misc_14, v_pattern_1,
          nicolae_vaults_shelves_hall, nicolae_vaults_asterisk,
          layout_vaults_quadrants, serial_shops, shop
Vaults:3: minmay_crypt_entry_skeletal_spiral, ontoclasm_vaults_ring_square,
          hangedman_vaults_pinch, vaults_room_pools, hangedman_vaults_nodes,
          hangedman_vaults_cutoff, v_alt_pattern_1, ontoclasm_vaults_gallery,
          nicolae_vaults_specimen_jars, nicolae_vaults_little_squares_5,
          v_misc_18, hangedman_vaults_stagger, hangedman_vaults_river_flow,
          v_misc_13, layout_vaults_omnibox, serial_shops,
          nicolae_shop_temple_entry_statues_fountains, uniq_donald
Vaults:4: nicolae_vaults_rhombus_5, hangedman_vaults_variations, v_misc_15,
          vaults_room_grid, nicolae_vaults_arrows, v_pattern_5,
          vaults_room_stairs_pillars, vaults_mumra_minichess,
          hangedman_vaults_trim, v_misc_19, vaults_room_fours,
          grunt_vaults_hallway_long, layout_vaults_maze_snakey
Vaults:5: serial_shops
Depths:1: layout_small_grid, grunt_hell_entry_dis_mu, ebering_ghost_xom,
          rand_demon_pan_entry_3, enter_trove_3, moated_statue, drop_trap,
          lemuel_angel_altar, serial_bayou_shore_b

Skill      XL: |  1  2  3  4  5  6  7  8  9 10 11 12 13 14 15 16 17 18 19 20 21 |
---------------+----------------------------------------------------------------+-----
Axes           | 3 4 5 6 8 10 12 14 16 17 18 | 18.1
Fighting       | 4 5 6 7 9 10 12 13 15 17 18 19 20 21 22 23 | 23.0
Armour         | 4 5 6 8 9 10 11 12 13 14 15 16 17 18 19 | 19.1
Shields        | 4 5 6 8 9 10 12 13 15 16 17 18 19 | 19.1
Invocations    | 4 8 11 14 16 17 18 19 20 21 | 21.2
Evocations     | 2 5 8 10 12 14 15 16 17 18 | 18.3
Dodging        | 2 4 6 7 9 10 | 10.7

Action                   |  1- 3 |  4- 6 |  7- 9 | 10-12 | 13-15 | 16-18 | 19-21 || total
-------------------------+-------+-------+-------+-------+-------+-------+-------++-------
Melee: War axe           |   105 |   161 |   169 |   266 |       |       |       ||   701
       Broad axe         |       |       |       |   142 |   557 |   758 |   659 ||  2116
Throw: Throwing net      |       |       |       |       |       |     1 |       ||     1
Invok: Convert to Beogh  |       |     1 |       |       |       |       |       ||     1
       Recall Orcish Fol |       |       |       |     2 |     7 |    11 |     6 ||    26
       Smiting           |       |       |       |     1 |     2 |     9 |     1 ||    13
       Give Item to Name |       |       |       |       |     4 |     2 |     1 ||     7
       Resurrection      |       |       |       |       |     1 |     1 |     3 ||     5
Evoke: Wand              |       |       |       |    11 |    14 |    40 |    15 ||    80
       Lightning rod     |       |       |       |       |     1 |     4 |       ||     5
       Phantom mirror    |       |       |       |       |       |     1 |       ||     1
       Box of beasts     |       |       |       |       |       |       |     3 ||     3
  Use: Scroll            |     2 |     3 |     5 |    18 |     8 |     3 |     2 ||    41
       Potion            |       |       |       |     1 |     2 |    12 |     9 ||    24
 Stab: Distracted        |       |       |       |       |     5 |    10 |     4 ||    19
       Paralysed         |       |       |       |       |     1 |     1 |       ||     2
       Held in net/web   |       |       |       |       |       |     1 |       ||     1
Armor: Scale mail        |    45 |     5 |       |       |       |       |       ||    50
       Plate armour      |       |   102 |   131 |   282 |   297 |   426 |   257 ||  1495
       Animal skin       |       |       |       |       |       |     1 |       ||     1
Dodge: Dodged            |    51 |    35 |    53 |    98 |   118 |   173 |   140 ||   668
Block: Buckler           |    24 |    34 |    67 |    98 |   216 |       |       ||   439
       Reflection        |       |       |       |       |    28 |     8 |    52 ||    88
       Kite shield       |       |       |       |       |    97 |   530 |       ||   627
       Tower shield      |       |       |       |       |       |   104 |   643 ||   747
